 Dungeon Crawl Stone Soup version 0.26.1-11-gd32895ea62 (webtiles) character file.

Game seed: 1142846512099579629

7694 bloodseagull the Cleaver (level 11, -1/102 HPs)
             Began as a Minotaur Fighter on May 4, 2021.
             Was a High Priest of Ru.
             Slain by Jorgrun
             ... wielding a +0 vorpal quarterstaff
              (3 damage)
             ... on level 1 of the Shoals on May 14, 2021.
             The game lasted 01:20:48 (10326 turns).

bloodseagull the Cleaver (Minotaur Fighter)        Turns: 10326, Time: 01:20:51

Health: -1/102     AC: 18    Str: 27    XL:     11   Next: 0%
Magic:  5/8        EV: 10    Int: 11    God:    Ru [*****.]
Gold:   681        SH: 13    Dex: 13    Spells: 10/10 levels left

rFire    . . .     SeeInvis .   R - +11 hand axe of Asteink {freeze, rC+ Str+4 Int+4}
rCold    + . .     Faith    .   c - +0 kite shield
rNeg     . . .     Spirit   .   m - +4 chain mail
rPois    .         Reflect  .   (helmet restricted)
rElec    .         Harm     .   k - +0 cloak
rCorr    .         Rampage  .   (no gloves)
Will     +....                  (no boots)
Stlth    ..........             x - amulet of regeneration
HPRegen  0.67/turn              (no ring)
MPRegen  0.11/turn              (no ring)

@: mesmerised, very slow
A: retaliatory headbutt, horns 2, clever 1, low mp 1, strong-willed 1, hated by
all, no air magic, no necromancy magic, no transmutations magic, inexperienced 1
a: Renounce Religion, Draw Out Power, Power Leap, Apocalypse


You were on level 1 of the Shoals.
You worshipped Ru.
Ru was extremely pleased with you.
You visited 4 branches of the dungeon, and saw 15 of its levels.
You also visited: Ossuary.

You collected 681 gold pieces.

Inventory:

Hand Weapons
 D - a +3 shortbow
 E - the cursed +1 war axe "Jellybane" {venom, rElec Str+5, unknown}
   (You found it on level 1 of the Lair of Beasts)

   It poisons the flesh of those it strikes.
   It affects your strength (+5).
   It insulates you from electricity.
   It has a curse placed upon it.
 K - a +2 vorpal halberd
 R - the +11 hand axe of Asteink (weapon) {freeze, rC+ Str+4 Int+4}
   (You found it on level 8 of the Dungeon)

   It has been specially enchanted to freeze those struck by it, causing extra
   injury to most foes and up to half again as much damage against particularly
   susceptible opponents.
   It can also slow down cold-blooded creatures.
   It affects your strength (+4).
   It affects your intelligence (+4).
   It protects you from cold.
Missiles
 g - 315 stones (quivered)
 i - 9 poisoned darts
 s - 70 bolts
 u - 78 sling bullets
 v - 187 arrows
Armour
 a - a +0 plate armour
 c - a +0 kite shield (worn)
 f - a scarf of repulsion
 k - a +0 cloak (worn)
 m - a +4 chain mail (worn)
 p - a +0 troll leather armour
 r - a scarf of shadows
 L - +0 steam dragon scales
Magical Staves
 C - an uncursed staff of earth {unknown}
Jewellery
 l - an uncursed amulet of faith {unknown}
 t - an uncursed amulet of faith {unknown}
 w - an uncursed amulet of magic regeneration {unknown}
 x - an amulet of regeneration (around neck)
 N - a cursed -4 ring of strength {unknown}
 P - a +4 ring of evasion {unknown}
Scrolls
 d - 2 scrolls of identify
 n - 2 scrolls of blinking
 o - 7 scrolls of teleportation
 q - 6 scrolls of remove curse
 y - 2 scrolls of enchant weapon
 I - a scroll of immolation {unknown}
 M - a scroll of holy word {unknown}
 X - a scroll of random uselessness {unknown}
 Y - 2 scrolls of enchant armour
Potions
 b - 2 potions of flight {unknown}
 e - a potion of haste
 h - 3 potions of berserk rage
 z - a potion of curing
 F - a potion of ambrosia {unknown}
 G - a potion of brilliance {unknown}
 S - a potion of cancellation {unknown}
 T - 2 potions of invisibility
 U - a potion of magic {unknown}
 V - 3 potions of lignification {unknown}


   Skills:
 + Level 11.4 Fighting
 - Level 14.0 Axes
 + Level 12.6 Armour
 + Level 3.6 Dodging
 + Level 2.8 Stealth
 + Level 12.0 Shields


You had 10 spell levels left.
You didn't know any spells.
Your spell library contained the following spells:

 Spells                   Type           Power        Failure   Level
 Blink                    Tloc           N/A          97%         2
 Gell's Gravitas          Tloc           0%           99%         3
 Lesser Beckoning         Tloc           0%           99%         3
 Stone Arrow              Conj/Erth      0%           99%         3
 Teleport Other           Tloc           0%           99%         3
 Passage of Golubria      Tloc           N/A          100%        4
 Animate Skeleton         Necr           Unusable     N/A         1
 Beastly Appendage        Tmut           Unusable     N/A         1
 Pain                     Necr           Unusable     N/A         1
 Wereblood                Tmut           Unusable     N/A         2
 Spider Form              Tmut/Pois      Unusable     N/A         3
 Vampiric Draining        Necr           Unusable     N/A         3
 Animate Dead             Necr           Unusable     N/A         4
 Ice Form                 Ice/Tmut       Unusable     N/A         4
 Agony                    Necr           Unusable     N/A         5
 Blade Hands              Tmut           Unusable     N/A         5
 Irradiate                Conj/Tmut      Unusable     N/A         5
 Spellforged Servitor     Conj/Summ      Unusable     N/A         7

Dungeon Overview and Level Annotations

Branches:
Dungeon (9/15)             Temple (1/1) D:6            Lair (4/6) D:9
 Shoals (1/4) Lair:4        Snake (0/4) Lair:3      Ossuary (visited)
    Orc: D:9-12

Altars:
Ashenzari
Cheibriados
Elyvilon
Fedhas
Gozag
Hepliaklqana
Kikubaaqudgha
Makhleb
Nemelex Xobeh
Okawaru
Qazlal
Ru
Sif Muna
Trog
Uskayaw
Wu Jian
Xom
Yredelemnul
Zin
The Shining One

Shops:
D:6 [

Annotations:
Shoals:1 Jorgrun


Innate Abilities, Weirdness & Mutations

You reflexively headbutt those who attack you in melee.
You have a pair of horns on your head.
Your magical capacity is low. (-10% MP)
You are hated by all.
You cannot study or cast Air magic.
You cannot study or cast Necromancy magic.
You cannot study or cast Transmutations magic.
You are somewhat inexperienced. (-2 XL)
Your mind is acute. (Int +2)
You are strong-willed. (Will+)


Message History

The manticore claws you but does no damage.
The merfolk hits you with a +1 trident of protection.
* * * LOW HITPOINT WARNING * * *
You focus your inner power and blind the merfolk in retribution!
Your unstable footing causes you to fumble your attack.
You block Jorgrun's attack. The merfolk barely misses you.
The merfolk avatar chants its luring song.
The manticore bites you but does no damage.
The manticore claws you.
* * * LOW HITPOINT WARNING * * *
You focus your inner power and slow the manticore in retribution!
The manticore claws you!
* * * LOW HITPOINT WARNING * * *
You feel better.
The merfolk hits you but does no damage.
The merfolk hits you from afar with a +0 trident of freezing.
* * * LOW HITPOINT WARNING * * *
Jorgrun hits you with a +0 vorpal quarterstaff!
* * * LOW HITPOINT WARNING * * *
You die...

##...>≈≈≈≈≈≈≈≈≈≈≈≈..
.......≈≈≈≈≈≈..≈≈≈≈$
......≈≈≈.#.≈≈≈≈≈≈≈.
≈..≈≈≈≈≈≈.##≈≈≈≈≈≈≈≈
...≈≈≈≈(≈....≈≈≈≈≈≈.
.≈≈≈≈≈≈≈≈≈≈.≈≈≈.≈≈≈≈
≈≈≈≈≈≈≈≈m≈≈≈≈≈...?/≈
≈≈≈≈≈≈≈g≈H≈≈....≈≈..
(≈≈≈≈≈≈m@≈≈≈≈...?≈≈≈.
≈≈≈≈≈≈≈m≈≈.<.###.≈≈≈#
≈≈≈≈≈≈≈≈≈≈....##.≈≈.#
≈≈≈≈≈≈≈≈≈≈.$.....≈...
≈≈≈≈≈≈≈≈≈≈≈≈....≈.≈..
≈≈≈≈≈≈≈≈≈≈≈≈≈........
≈≈≈≈≈≈≈≈≈≈≈≈≈$.......
≈≈≈≈≈≈≈≈≈≈≈≈≈..≈.####
≈≈≈≈≈≈≈≈≈≈≈≈≈≈.#


You could see Jorgrun, a merfolk avatar (mesmerising), 2 merfolk and a manticore
(slow, corona).

Vanquished Creatures
  The ghost of 0gre the Frost Mage, a journeyman GnIE of Gozag (Lair:1)
  A catoblepas (Lair:3)
  3 harpies (Shoals:1)
  Joseph (D:7)
  A black mamba (Lair:2)
  Maggie (D:7)
  11 cane toads
  2 torpor snails
  A rime drake (Lair:2)
  4 komodo dragons
  A troll (D:9)
  18 blink frogs
  2 wyverns (Lair:4)
  24 yaks
  3 basilisks
  4 nagas (Lair:3)
  7 water moccasins
  A black bear (D:8)
  2 ice beasts
  An orc warrior (D:7)
  3 phantoms
  A sky beast (D:6)
  5 ogres
  8 wolves (Lair:3)
  10 centaurs
  Blork the orc (D:5)
  10 bullfrogs
  A gnoll sergeant (D:5)
  3 scorpions
  2 jellies (D:8)
  2 hounds
  3 human zombies (Ossuary)
  2 centaur zombies
  8 orc priests
  A gnoll shaman (D:5)
  4 orc wizards (D:7)
  2 centaur skeletons
  2 iguanas
  Terence (D:2)
  5 worker ants
  A big kobold zombie (Ossuary)
  2 mummies (Ossuary)
  A howler monkey zombie (D:7)
  10 gnolls
  7 adders
  An ufetubus (D:7)
  An ooze (D:3)
  2 adder skeletons
  2 worms
  4 leopard geckos
  18 orcs
  3 bats
  4 giant cockroaches
  6 hobgoblins
  3 jackals (D:2)
  2 quokkas
  2 ball pythons (D:1)
  4 frilled lizards
  5 goblins
  A goblin zombie (Ossuary)
  8 hobgoblin zombies (Ossuary)
  A jackal zombie (Ossuary)
  4 kobolds
  14 kobold zombies (Ossuary)
  6 orc zombies (Ossuary)
  5 rats
  A rat zombie (Ossuary)
281 creatures vanquished.

Vanquished Creatures (others)
  10 fungi
  36 plants
  4 toadstools (D:4)
50 creatures vanquished.

Grand Total: 331 creatures vanquished

Notes
Turn   | Place    | Note
-------+----------+-------------------------------------------
     0 | D:1      | bloodseagull the Minotaur Fighter began the quest for the
                  | Orb.
     0 | D:1      | Reached XP level 1. HP: 19/19 MP: 0/0
   129 | D:1      | Reached XP level 2. HP: 26/27 MP: 1/1
   894 | D:2      | Found a snail-covered altar of Cheibriados.
   894 | D:2      | Noticed Terence
   907 | D:2      | Killed Terence
   908 | D:2      | Reached skill level 3 in Axes
   908 | D:2      | Reached XP level 3. HP: 26/33 MP: 2/2
   981 | D:2      | Found a glowing golden altar of the Shining One.
  1003 | D:2      | Became a worshipper of the Shining One
  1285 | D:3      | Reached XP level 4. HP: 30/40 MP: 3/3
  1903 | D:4      | Noticed a phantom
  1921 | D:4      | Killed a phantom
  1922 | D:4      | Reached skill level 5 in Fighting
  1922 | D:4      | Reached skill level 5 in Armour
  1922 | D:4      | Reached XP level 5. HP: 34/48 MP: 4/4
  2063 | D:4      | Found a glowing silver altar of Zin.
  2069 | D:4      | Reached skill level 4 in Axes
  2314 | D:4      | Reached * piety under the Shining One
  2471 | D:4      | Reached XP level 6. HP: 25/56 MP: 5/5
  2662 | D:4      | Reached skill level 1 in Dodging
  2810 | D:5      | Entered Level 5 of the Dungeon
  2831 | D:5      | Reached skill level 5 in Axes
  2831 | D:5      | Reached skill level 5 in Shields
  2833 | D:5      | Reached XP level 7. HP: 42/61 MP: 6/6
  3178 | D:5      | Noticed Blork the orc
  3183 | D:5      | Reached skill level 6 in Axes
  3189 | D:5      | Killed Blork the orc
  3327 | D:5      | Reached skill level 7 in Axes
  3560 | D:6      | Reached XP level 8. HP: 43/70 MP: 7/7
  3586 | D:6      | Reached skill level 8 in Axes
  4098 | D:6      | Found a staircase to the Ecumenical Temple.
  4117 | Temple   | Entered the Ecumenical Temple
  4145 | Temple   | Fell from the grace of the Shining One
  4145 | Temple   | Became a worshipper of Ru the Awakened
  4282 | D:6      | Found Duotack's Armour Shop.
  4305 | D:6      | Found a burning altar of Makhleb.
  4418 | D:6      | Reached skill level 9 in Axes
  4696 | D:7      | Reached XP level 9. HP: 39/75 MP: 8/8
  4860 | D:7      | Found a stormy altar of Qazlal.
  4879 | D:7      | Noticed Maggie
  4879 | D:7      | Noticed Joseph
  4890 | D:7      | Reached skill level 10 in Axes
  4901 | D:7      | Killed Maggie
  4906 | D:7      | Killed Joseph
  5000 | D:7      | Reached skill level 11 in Axes
  5204 | D:7      | Gained mutation: You cannot study or cast Air magic. [Ru
                  | sacrifice]
  5204 | D:7      | Gained mutation: You cannot study or cast Transmutations
                  | magic. [Ru sacrifice]
  5204 | D:7      | Gained mutation: You cannot study or cast Necromancy magic.
                  | [Ru sacrifice]
  5204 | D:7      | Reached * piety under Ru
  5368 | D:8      | Got a jewelled plate armour
  5603 | D:8      | Got a glimmering hand axe
  5604 | D:8      | Identified the +11 hand axe of Asteink {freeze, rC+ Str+4
                  | Int+4} (You found it on level 8 of the Dungeon)
  5903 | D:8      | Found a sand-covered staircase.
  6063 | Ossuary  | Entered an ossuary
  6595 | D:9      | Reached XP level 10. HP: 86/86 MP: 9/9
  6656 | D:9      | Found a staircase to the Lair.
  6706 | Lair:1   | Entered Level 1 of the Lair of Beasts
  6727 | Lair:1   | Gained mutation: You are hated by all. [Ru sacrifice]
  6727 | Lair:1   | Reached ** piety under Ru
  6828 | Lair:1   | Reached skill level 12 in Axes
  6893 | Lair:1   | Noticed a cane toad
  6905 | Lair:1   | Killed a cane toad
  6941 | Lair:1   | Reached skill level 13 in Axes
  7121 | Lair:1   | Found a transporter.
  7121 | Lair:1   | Noticed a cane toad
  7121 | Lair:1   | Noticed 0gre's ghost (journeyman GnIE)
  7121 | Lair:1   | Noticed a cane toad
  7127 | Lair:1   | Found a transporter.
  7398 | Lair:1   | Killed 0gre's ghost
  7399 | Lair:1   | Reached XP level 11. HP: 79/97 MP: 10/10
  7405 | Lair:1   | Reached skill level 10 in Armour
  7418 | Lair:1   | Got a jewelled war axe
  8039 | Lair:2   | Reached skill level 14 in Axes
  8042 | Lair:2   | Reached skill level 10 in Shields
  8051 | Lair:2   | Reached skill level 10 in Fighting
  8066 | Lair:2   | Reached skill level 1 in Stealth
  8167 | Lair:2   | Gained mutation: Your magical capacity is low. (-10% MP)
                  | [Ru sacrifice]
  8167 | Lair:2   | Reached *** piety under Ru
  8754 | Lair:3   | Noticed a catoblepas
  8773 | Lair:3   | Killed a catoblepas
  8829 | Lair:3   | Reached XP level 12. HP: 78/108 MP: 9/9
  9046 | Lair:3   | Identified the Collected Works on Shifting Battle Magic
  9069 | Lair:3   | Got a bronze scale mail
  9195 | Lair:3   | Found a staircase to the Snake Pit.
  9476 | Lair:4   | Found a staircase to the Shoals.
  9663 | Lair:4   | Gained mutation: You are somewhat inexperienced. (-2 XL)
                  | [Ru sacrifice]
  9663 | Lair:4   | Reached XP level 11. HP: 93/102 MP: 8/8
  9663 | Lair:4   | Reached XP level 10. HP: 93/96 MP: 8/8
  9663 | Lair:4   | Reached **** piety under Ru
  9663 | Lair:4   | Reached ***** piety under Ru
 10268 | Shoals:1 | Entered Level 1 of the Shoals
 10268 | Shoals:1 | Noticed a harpy
 10268 | Shoals:1 | Noticed a harpy
 10268 | Shoals:1 | Noticed a harpy
 10269 | Shoals:1 | Killed a harpy
 10269 | Shoals:1 | Killed a harpy
 10269 | Shoals:1 | Killed a harpy
 10275 | Shoals:1 | Noticed a merfolk avatar
 10290 | Shoals:1 | Noticed Jorgrun
 10304 | Shoals:1 | Gained mutation: Your mind is acute. (Int +2) [potion of
                  | mutation]
 10304 | Shoals:1 | Gained mutation: You are strong-willed. (Will+) [potion of
                  | mutation]
 10306 | Shoals:1 | Noticed a manticore
 10314 | Shoals:1 | Reached XP level 11. HP: 22/102 MP: 4/8
 10326 | Shoals:1 | HP: 2/102 [Jorgrun/+0 vorpal quarterstaff (10)]
 10326 | Shoals:1 | Slain by Jorgrun

Illustrated notes

Levels and vault maps discovered:
D:1:      saegor_arrival_simple_d, layout_basic, bh_walls_and_bars
D:2:      layout_rooms, cheibriados_altar_1, nicolae_tso_swordbearing_angel,
          uniq_terence
D:3:      layout_basic
D:4:      layout_loops_ring, kennysheep_mini, minmay_gold_behind_fungi
D:5:      layout_loops_ring, minmay_crystal_water, minmay_manual_mares,
          uniq_blork_the_orc
D:6:      layout_loops_ring, minitemple, minmay_temple_entry_mist, serial_shops,
          nicolae_shop_statue_plus, basic_altar, minmay_fractal_squares_5,
          uniq_eustachio, uniq_duvessa
D:7:      layout_basic, nicolae_qazlal_general_emergency, uniq_maggie,
          uniq_joseph
D:8:      layout_basic, nicolae_ossuary_entry_plus
D:9:      layout_basic, lair_entry_dummy, serial_shops, shop
Temple:   kb_temple_of_zot
Lair:1:   layout_regular_city, gammafunk_ghost_arena, beast_lair_carwin_3,
          lemuel_fruit_tree
Lair:2:   layout_hall_layers, grunt_megastairs_1
Lair:3:   layout_concentric_octagons, minmay_snake_entry_guardpost_small
Lair:4:   layout_layer_cave, minmay_shoals_entry_centaurs
Shoals:1: layout_shoals, uniq_donald, uniq_jorgrun

Skill      XL: |  1  2  3  4  5  6  7  8  9 10 11 12 |
---------------+-------------------------------------+-----
Fighting       | 4 5 6 7 9 10 11 | 11.4
Armour         | 4 5 6 7 8 9 11 12 | 12.6
Shields        | 4 5 6 8 12 10 11 | 12.0
Axes           | 3 4 5 7 9 11 13 14 | 14.0
Dodging        | 1 2 3 |  3.6
Stealth        | 1 2 |  2.8

Action                   |  1- 3 |  4- 6 |  7- 9 | 10-12 || total
-------------------------+-------+-------+-------+-------++-------
Melee: War axe           |    65 |    48 |   218 |       ||   331
       Headbutt          |    10 |    14 |    55 |   116 ||   195
       Hand axe          |       |       |    67 |   371 ||   438
Throw: Stone             |       |     3 |       |       ||     3
Invok: Sacrifice Arcana  |       |       |     1 |       ||     1
       Power Leap        |       |       |       |     1 ||     1
       Apocalypse        |       |       |       |     1 ||     1
       Sacrifice Love    |       |       |       |     1 ||     1
       Sacrifice Experie |       |       |       |     1 ||     1
       Sacrifice Essence |       |       |       |     1 ||     1
  Use: Scroll            |     5 |     3 |    10 |     7 ||    25
       Potion            |     1 |     1 |     1 |     8 ||    11
 Stab: Invisible         |       |       |       |     1 ||     1
       Petrifying        |       |       |       |     2 ||     2
       Distracted        |       |       |       |     1 ||     1
       Petrified         |       |       |       |     1 ||     1
Armor: Scale mail        |    22 |       |       |       ||    22
       Chain mail        |    19 |    44 |   120 |    77 ||   260
Dodge: Dodged            |    21 |    27 |    83 |    86 ||   217
Block: Kite shield       |    43 |    52 |   165 |   159 ||   419
